[Event "The Schackveckan 2023: IM-turnering"]
[Site "Goteborgs schackcentrum, Vegagatan 20, Gothenburg, Sweden"]
[Date "2023.08.08"]
[Round "5.1"]
[White "Ustianovich, Nazar"]
[Black "Kistrup, Nicolai"]
[Result "1-0"]
[TimeControl "90 minutes for 40 moves + 30 minutes for the rest of the game + 30 seconds per move from move one."]
[WhiteTitle "FM"]
[BlackTitle "FM"]
[WhiteFideId "14109778"]
[BlackFideId "1444816"]
[WhiteElo "2314"]
[BlackElo "2339"]

1. Nf3 d5 2. g3 g6 3. Bg2 Bg7 4. O-O e5 5. c4 dxc4 6. Na3 Be6 7. Qc2 Nc6 8. Nxc4 Nge7 9. d3 O-O 10.
Bd2 Re8 11. Rac1 Bd5 12. e3 Nf5 13. Na5 Nxa5 14. Bxa5 b6 15. e4 bxa5 16. exd5 Rb8 17. b3 Qxd5 18. Nh4 Qd8 19. Nxf5 gxf5 20.
Qxc7 a4 21. bxa4 Re7 22. Qxd8+ Rxd8 23. Bh3 e4 24. Rfe1 Re5 25. dxe4 fxe4 26. Rc8 Rxc8 27. Bxc8 f5 28. Rd1 e3 29.
fxe3 Bh6 30. Rf1 Bxe3+ 31. Kg2 f4 32. gxf4 Re8 33. Ba6 Kg7 34. Kf3 Bb6 35. Bc4 Kf6 36. Rd1 Re3+ 37. Kg4 h5+ 38.
Kxh5 Rh3+ 39. Kg4 Rxh2 40. Rd6+ Ke7 41. Re6+ Kf8 42. Rf6+ Ke7 43. Rf7+ Ke8 44. Rb7 Rf2 45. Bb3 Rd2 46.
a5 Be3 47. Kf3 Bc5 48. Ke4 Rf2 49. Kd5 Be3 50. f5 Re2 51. f6 Bg1 52. Kc6 Bh2 53. Rxa7 Kf8 54. Rh7 1-0

[Event "The Schackveckan 2023: IM-turnering"]
[Site "Goteborgs schackcentrum, Vegagatan 20, Gothenburg, Sweden"]
[Date "2023.08.08"]
[Round "5.2"]
[White "Tryggestad, Andreas Garberg"]
[Black "Berggren Torell, Harald"]
[Result "1-0"]
[TimeControl "90 minutes for 40 moves + 30 minutes for the rest of the game + 30 seconds per move from move one."]
[WhiteTitle "FM"]
[WhiteFideId "1513338"]
[BlackFideId "1714031"]
[WhiteElo "2233"]
[BlackElo "2061"]

1. d4 d6 2. Nf3 g6 3. c4 Bg7 4. Nc3 e5 5. dxe5 dxe5 6. Qxd8+ Kxd8 7. g3 c6 8. Bg2 Kc7 9. O-O h6 10.
b4 Ne7 11. Bb2 Bf5 12. Nxe5 1-0

[Event "The Schackveckan 2023: IM-turnering"]
[Site "Goteborgs schackcentrum, Vegagatan 20, Gothenburg, Sweden"]
[Date "2023.08.08"]
[Round "5.3"]
[White "Karlsson, Stefan"]
[Black "Sorensen, Hampus"]
[Result "0-1"]
[TimeControl "90 minutes for 40 moves + 30 minutes for the rest of the game + 30 seconds per move from move one."]
[BlackTitle "IM"]
[WhiteFideId "1771183"]
[BlackFideId "8703884"]
[WhiteElo "1925"]
[BlackElo "2475"]

1. e4 c5 2. Nf3 d6 3. c3 Nf6 4. Be2 g6 5. O-O Bg7 6. Bb5+ Nc6 7. d4 Qb6 8. Ba4 cxd4 9. cxd4 O-O 10.
d5 Na5 11. Be3 Qxb2 12. Bd4 Qb4 13. Nbd2 b5 14. Bc2 Nc4 15. Rb1 Qa5 16. Nxc4 bxc4 17. Ba4 Bg4 18. h3 Bxf3 19. gxf3 Rab8 20.
Qc2 Qc7 21. Bc6 Nh5 22. Bxg7 Kxg7 23. Qxc4 Nf4 24. Qd4+ f6 25. Kh2 Qc8 26. Kg3 Ne2+ 0-1

[Event "The Schackveckan 2023: IM-turnering"]
[Site "Goteborgs schackcentrum, Vegagatan 20, Gothenburg, Sweden"]
[Date "2023.08.08"]
[Round "5.4"]
[White "Storme, Isak"]
[Black "Hector, Jonny"]
[Result "1/2-1/2"]
[TimeControl "90 minutes for 40 moves + 30 minutes for the rest of the game + 30 seconds per move from move one."]
[WhiteTitle "IM"]
[BlackTitle "GM"]
[WhiteFideId "1728113"]
[BlackFideId "1700090"]
[WhiteElo "2448"]
[BlackElo "2466"]

1. e4 e5 2. Nf3 Nc6 3. Bb5 f5 4. d3 fxe4 5. dxe4 Nf6 6. O-O d6 7. Nc3 Be7 8. a4 O-O 9. Bc4+ Kh8 10.
Ng5 Qe8 11. Ne6 Bxe6 12. Bxe6 Nd4 13. Ba2 Qg6 14. Qd3 d5 15. exd5 Nxc2 16. Qxg6 hxg6 17. Rb1 Bc5 18. Bg5 a6 19.
Rbc1 Nb4 20. Bb1 Bd4 21. Bxf6 gxf6 22. Bxg6 f5 23. Ne2 Bb6 24. Ng3 f4 25. Nf5 Rf6 26. Ne7 Rd8 27. Be4 Kg7 28.
Rc3 Kf7 29. Nf5 Nxd5 30. Rd3 c6 31. Rfd1 Ke6 32. Nh4 Rff8 33. Nf3 Nf6 34. Ng5+ Ke7 35. Bf5 Rxd3 36. Rxd3 Rd8 37. Rxd8 Bxd8 38.
Bc8 b5 39. Bxa6 bxa4 40. Bd3 Nd7 41. Bc2 Nc5 42. Ne4 Nxe4 43. Bxe4 Bb6 44. Bxc6 Bd4 45. Bxa4 Bxb2 46. g3 Kf6 47.
Bc2 Bc3 48. Ba4 Bb4 49. Bc2 Bc3 50. Ba4 Bb4 51. Bc2 1/2-1/2

[Event "The Schackveckan 2023: IM-turnering"]
[Site "Goteborgs schackcentrum, Vegagatan 20, Gothenburg, Sweden"]
[Date "2023.08.08"]
[Round "5.5"]
[White "Olsson, William"]
[Black "Brattgjerd, Isak Vinh"]
[Result "1-0"]
[TimeControl "90 minutes for 40 moves + 30 minutes for the rest of the game + 30 seconds per move from move one."]
[WhiteTitle "FM"]
[WhiteFideId "1741721"]
[BlackFideId "1549880"]
[WhiteElo "2400"]
[BlackElo "2214"]

1. c4 e5 2. g3 Nf6 3. Bg2 d5 4. cxd5 Nxd5 5. Nf3 Nc6 6. O-O Be6 7. d4 exd4 8. Nxd4 Nxd4 9. Qxd4 c6 10.
Nc3 Qf6 11. Qa4 Nb6 12. Qc2 Be7 13. e4 O-O 14. b3 Rfd8 15. Be3 Nd7 16. Ne2 Ne5 17. h3 Nf3+ 18. Kh1 Bd6 19. Rad1 Be5 20.
Qc5 Bc7 21. Rxd8+ Bxd8 22. Qh5 Ng5 23. f4 g6 24. Qh6 Nxe4 25. Bxe4 Qe7 26. f5 gxf5 27. Bg2 Bd5 28. Nd4 Bxg2+ 29. Kxg2 Qe4+ 30. Kh2 Bc7 31.
Nxf5 Be5 32. Ne7+ Kh8 33. Rxf7 1-0

[Event "The Schackveckan 2023: IM-turnering"]
[Site "Goteborgs schackcentrum, Vegagatan 20, Gothenburg, Sweden"]
[Date "2023.08.08"]
[Round "6.1"]
[White "Sorensen, Hampus"]
[Black "Ustianovich, Nazar"]
[Result "1-0"]
[TimeControl "90 minutes for 40 moves + 30 minutes for the rest of the game + 30 seconds per move from move one."]
[WhiteTitle "IM"]
[BlackTitle "FM"]
[WhiteFideId "8703884"]
[BlackFideId "14109778"]
[WhiteElo "2475"]
[BlackElo "2314"]

1. d4 d5 2. c4 c6 3. Nf3 Nf6 4. Nbd2 e6 5. g3 Be7 6.
Bg2 O-O 7. O-O b6 8. b3 Bb7 9. Bb2 Nbd7 10. Qc2 c5 11. Rad1 Rc8 12. Qb1 dxc4 13. Nxc4 Be4 14. Qa1 Qc7 15.
dxc5 Bxc5 16. Nfe5 Bxg2 17. Kxg2 Nxe5 18. Bxe5 Qc6+ 19. Kg1 Be7 20. Nd6 Rcd8 21. Rc1 Qa8 22. Nb5 Rc8 23. Qd4 Rfd8 24.
Qa4 a6 25. Rxc8 Rxc8 26. Nd6 Rc2 27. Bxf6 Bxf6 28. Qd7 Qf8 29. Rd1 Rxa2 30. Ne4 h6 31. Rc1 Qe7 32. Rc8+ Kh7 33. Qd3 g6 34. Re8 Ra1+ 35. Kg2 Qb4 36.
Nxf6+ Kg7 37. Qd8 1-0

[Event "The Schackveckan 2023: IM-turnering"]
[Site "Goteborgs schackcentrum, Vegagatan 20, Gothenburg, Sweden"]
[Date "2023.08.08"]
[Round "6.2"]
[White "Storme, Isak"]
[Black "Tryggestad, Andreas Garberg"]
[Result "1-0"]
[TimeControl "90 minutes for 40 moves + 30 minutes for the rest of the game + 30 seconds per move from move one."]
[WhiteTitle "IM"]
[BlackTitle "FM"]
[WhiteFideId "1728113"]
[BlackFideId "1513338"]
[WhiteElo "2448"]
[BlackElo "2233"]

1. e4 e5 2. Nf3 Nc6 3. Bb5 a6 4. Ba4 Nf6 5. O-O Be7 6. d3 b5 7. Bb3 d6 8. a3 Na5 9. Ba2 c5 10.
Bg5 O-O 11. Nc3 Be6 12. h3 Nc6 13. a4 b4 14. Bxf6 Bxf6 15. Nd5 g6 16. c3 Rb8 17. Nd2 Bg7 18. Bc4 Qc8 19. a5 Re8 20.
Nb6 Qb7 21. Bd5 Qc7 22. Qa4 Bxd5 23. Nxd5 Qb7 24. Nc4 Red8 25. Qxc6 1-0

[Event "The Schackveckan 2023: IM-turnering"]
[Site "Goteborgs schackcentrum, Vegagatan 20, Gothenburg, Sweden"]
[Date "2023.08.08"]
[Round "6.3"]
[White "Kistrup, Nicolai"]
[Black "Olsson, William"]
[Result "0-1"]
[TimeControl "90 minutes for 40 moves + 30 minutes for the rest of the game + 30 seconds per move from move one."]
[WhiteTitle "FM"]
[BlackTitle "FM"]
[WhiteFideId "1444816"]
[BlackFideId "1741721"]
[WhiteElo "2339"]
[BlackElo "2400"]

1. d4 d5 2. c4 c6 3. Nf3 e6 4. g3 dxc4 5. Bg2 b5 6. a4 Bb7 7. Ne5 Qc8 8. O-O Nd7 9. b3 cxb3 10.
Qxb3 b4 11. Bf4 Ngf6 12. Nd2 c5 13. Rac1 Bxg2 14. Kxg2 Qb7+ 15. f3 Nd5 16. Rc4 cxd4 17. Rxd4 Nc5 18. Qc4 Be7 19. e4 Nxf4+ 20. gxf4 a5 21. f5 Rc8 22. Qb5+ Qxb5 23. axb5 Bf6 24. f4 O-O 25. Rc1 Nb7 26. Rxc8 Rxc8 27. Rd7 Nc5 28. Ra7 Bxe5 29.
fxe5 h6 30. Rxa5 Nb7 31. Ra7 Rc2 32. Rxb7 Rxd2+ 33. Kf3 b3 34. Rb8+ Kh7 35. Ke3 Rd1 36. Ke2 Rc1 0-1

[Event "The Schackveckan 2023: IM-turnering"]
[Site "Goteborgs schackcentrum, Vegagatan 20, Gothenburg, Sweden"]
[Date "2023.08.08"]
[Round "6.4"]
[White "Hector, Jonny"]
[Black "Brattgjerd, Isak Vinh"]
[Result "1-0"]
[TimeControl "90 minutes for 40 moves + 30 minutes for the rest of the game + 30 seconds per move from move one."]
[WhiteTitle "GM"]
[WhiteFideId "1700090"]
[BlackFideId "1549880"]
[WhiteElo "2466"]
[BlackElo "2214"]

1. e4 c6 2. d4 d5 3. Nd2 dxe4 4. Nxe4 Nf6 5. Nxf6+ exf6 6. Be3 Bd6 7. Bd3 O-O 8. Ne2 Re8 9. O-O Nd7 10. c4 Nf8 11.
Qc2 g6 12. Rad1 Qc7 13. h3 Ne6 14. Qc1 f5 15. c5 Bf8 16. Bc4 Bg7 17. b4 Bd7 18. a4 a6 19. Qa3 Rad8 20. Qb3 Bc8 21.
g3 f4 22. gxf4 Nf8 23. Kg2 Be6 24. b5 axb5 25. axb5 Qd7 26. Kh2 Bxc4 27. Qxc4 Ne6 28. Qb3 Nc7 29. Nc3 Bh6 30. b6 Nd5 31.
Nxd5 cxd5 32. f5 Bg7 33. fxg6 hxg6 34. Rg1 Re4 35. f3 Re6 36. Rg2 Rde8 37. Bf4 Re2 38. Qd3 Rxg2+ 39. Kxg2 Qa4 40.
Rd2 Re1 41. Bg3 Rc1 42. Bf2 Qa1 43. Qe2 Kh7 44. Rc2 Rb1 45. Rd2 Rc1 46. Rb2 Rc4 47. Rc2 Rb4 48. Ra2 Qc1 49. Qd2 Qc4 50.
Rb2 Ra4 51. Qc2 Qa6 52. Qe2 Qa8 53. c6 Qc8 54. c7 Qf5 55. Rc2 Ra8 56. h4 g5 57. hxg5 Bf8 58. Bg3 Rc8 59. Rc1 Qxg5 60.
Rh1+ Kg8 61. Qe5 Qd2+ 62. Bf2 Bh6 63. Qf5 Qg5+ 64. Qxg5+ Bxg5 65. Rh5 Bf6 66. Rxd5 Kf8 67. f4 Ke7 68.
Kf3 Ke6 69. Ke4 Ke7 70. Kf5 Rh8 71. Rd8 1-0

[Event "The Schackveckan 2023: IM-turnering"]
[Site "Goteborgs schackcentrum, Vegagatan 20, Gothenburg, Sweden"]
[Date "2023.08.08"]
[Round "6.5"]
[White "Berggren Torell, Harald"]
[Black "Karlsson, Stefan"]
[Result "1-0"]
[TimeControl "90 minutes for 40 moves + 30 minutes for the rest of the game + 30 seconds per move from move one."]
[WhiteFideId "1714031"]
[BlackFideId "1771183"]
[WhiteElo "2061"]
[BlackElo "1925"]

1. Nf3 Nf6 2. g3 g6 3. Bg2 Bg7 4. c4 d6 5. O-O O-O 6. Nc3 e5 7. Rb1 h6 8. d3 a5 9. a3 Be6 10.
Qc2 Qd7 11. Re1 a4 12. b3 axb3 13. Rxb3 c6 14. Qb1 b5 15. Nd2 bxc4 16. Nxc4 Qe7 17. Rb7 Nfd7 18. Qb4 Bxc4 19. dxc4 Qe6 20.
Ne4 f5 21. Qxd6 Qxc4 22. Nd2 Qa6 23. Rxd7 Nxd7 24. Qxd7 e4 25. Nf1 Rfd8 26. Qe6+ Kh7 27. Qb3 Qa4 28. Qxa4 Rxa4 29. Ne3 Bc3 30.
Rf1 Rad4 31. f3 Bd2 32. Bxd2 Rxd2 33. Kf2 exf3 34. Bxf3 Ra2 35. Nc4 Rc2 36. Ne5 c5 37. Rb1 Kg7 38. Rb6 g5 39. Rg6+ Kh7 40. Rc6 Re8 41. Rc7+ Kg8 42.
Bd5+ Kf8 43. Ng6# 1-0

[Event "The Schackveckan 2023: IM-turnering"]
[Site "Goteborgs schackcentrum, Vegagatan 20, Gothenburg, Sweden"]
[Date "2023.08.09"]
[Round "7.1"]
[White "Olsson, William"]
[Black "Sorensen, Hampus"]
[Result "0-1"]
[TimeControl "90 minutes for 40 moves + 30 minutes for the rest of the game + 30 seconds per move from move one."]
[WhiteTitle "FM"]
[BlackTitle "IM"]
[WhiteFideId "1741721"]
[BlackFideId "8703884"]
[WhiteElo "2400"]
[BlackElo "2475"]

1. c4 e5 2. g3 Nf6 3. Bg2 c6 4. Nf3 e4 5. Nd4 d5 6. cxd5 Qxd5 7. Nc2 Qh5 8. h3 Qg6 9. Nc3 Bd6 10.
d3 exd3 11. Qxd3 Qxd3 12. exd3 O-O 13. d4 Be6 14. Bg5 Nbd7 15. O-O h6 16. Bxf6 Nxf6 17. Ne3 Rfd8 18. Rfd1 Rd7 19. d5 cxd5 20.
Nexd5 Nxd5 21. Nxd5 Rad8 22. Nc3 Be5 23. Re1 Bf6 24. Rac1 Rd2 25. Ne4 Rxb2 26. Nxf6+ gxf6 0-1

[Event "The Schackveckan 2023: IM-turnering"]
[Site "Goteborgs schackcentrum, Vegagatan 20, Gothenburg, Sweden"]
[Date "2023.08.09"]
[Round "7.2"]
[White "Ustianovich, Nazar"]
[Black "Berggren Torell, Harald"]
[Result "1-0"]
[TimeControl "90 minutes for 40 moves + 30 minutes for the rest of the game + 30 seconds per move from move one."]
[WhiteTitle "FM"]
[WhiteFideId "14109778"]
[BlackFideId "1714031"]
[WhiteElo "2314"]
[BlackElo "2061"]

1. d4 d6 2. e4 Nf6 3. Nc3 g6 4. f4 Bg7 5. Nf3 c5 6. dxc5 Qa5 7. Bd3 Qxc5 8. Qe2 Nc6 9. Be3 Qb4 10.
O-O Qxb2 11. Nb5 Ng4 12. Nc7+ Kd8 13. Nxa8 Nxe3 14. Qxe3 Qxa1 15. Rxa1 Bxa1 16. Bb5 1-0

[Event "The Schackveckan 2023: IM-turnering"]
[Site "Goteborgs schackcentrum, Vegagatan 20, Gothenburg, Sweden"]
[Date "2023.08.09"]
[Round "7.3"]
[White "Tryggestad, Andreas Garberg"]
[Black "Hector, Jonny"]
[Result "1-0"]
[TimeControl "90 minutes for 40 moves + 30 minutes for the rest of the game + 30 seconds per move from move one."]
[WhiteTitle "FM"]
[BlackTitle "GM"]
[WhiteFideId "1513338"]
[BlackFideId "1700090"]
[WhiteElo "2233"]
[BlackElo "2466"]

1. d4 d5 2. c4 c6 3. Nf3 Nf6 4. Nc3 dxc4 5. a4 Bf5 6. Ne5 Nbd7 7. Nxc4 Qc7 8. g3 e5 9. dxe5 Nxe5 10.
Bf4 Nfd7 11. Bg2 g5 12. Bxe5 Nxe5 13. Qd4 f6 14. O-O-O Rd8 15. Qe3 Be7 16. Rxd8+ Kxd8 17. Rd1+ Kc8 18.
Be4 Bxe4 19. Qxe4 Nxc4 20. Qe6+ Kb8 21. Rd7 Qb6 22. Qxc4 Bd8 23. Qf7 Ka8 24. Qe6 a5 25. e3 h5 26.
Ne4 Qb4 27. Rd4 Qb6 28. Qc8+ Ka7 29. Rd7 Qb4 30. Rxd8 Qc4+ 31. Nc3 Qf1+ 32. Nd1 Qc4+ 33. Kd2 Qb4+ 34. Ke2 Qc4+ 35. Ke1 Qb4+ 36.
Nc3 Qxb2 37. Nb5+ Kb6 38. Rxh8 Qc1+ 39. Ke2 Qc4+ 40. Kd2 Qa2+ 41. Ke1 Qb1+ 42. Ke2 Qc2+ 43. Kf1 Qd1+ 44. Kg2 Qd5+ 45.
f3 Qd2+ 46. Kh3 Qe2 47. Qc7+ Kc5 48. Qd6+ Kc4 49. Qd4+ Kb3 50. Qd5+ Kb4 51. Qe4+ 1-0

[Event "The Schackveckan 2023: IM-turnering"]
[Site "Goteborgs schackcentrum, Vegagatan 20, Gothenburg, Sweden"]
[Date "2023.08.09"]
[Round "7.4"]
[White "Karlsson, Stefan"]
[Black "Storme, Isak"]
[Result "0-1"]
[TimeControl "90 minutes for 40 moves + 30 minutes for the rest of the game + 30 seconds per move from move one."]
[BlackTitle "IM"]
[WhiteFideId "1771183"]
[BlackFideId "1728113"]
[WhiteElo "1925"]
[BlackElo "2448"]

1. e4 c5 2. Nf3 d6 3. c3 Nf6 4. Be2 Nbd7 5. d3 g6 6. O-O Bg7 7. h3 O-O 8. Bg5 b5 9. Nbd2 Bb7 10.
Re1 h6 11. Be3 e5 12. a4 a6 13. Qc2 d5 14. exd5 Nxd5 15. axb5 axb5 16. Rxa8 Bxa8 17. d4 exd4 18. cxd4 Nxe3 19.
fxe3 Qb6 20. Kh1 Re8 21. dxc5 Nxc5 22. Nb3 Ne4 23. Nbd4 Nf2+ 24. Kg1 Rxe3 25. Qc8+ Kh7 26. Qxa8 Bxd4 27.
Nxd4 Qxd4 28. Qf8 Nxh3+ 29. Kh1 Qf4 30. Qc5 Nf2+ 31. Kg1 Ng4 32. Qc7 Qxc7 33. Bxg4 Rxe1+ 34. Kf2 Qc1 35. Bd7 Qe3# 0-1

[Event "The Schackveckan 2023: IM-turnering"]
[Site "Goteborgs schackcentrum, Vegagatan 20, Gothenburg, Sweden"]
[Date "2023.08.09"]
[Round "7.5"]
[White "Brattgjerd, Isak Vinh"]
[Black "Kistrup, Nicolai"]
[Result "1/2-1/2"]
[TimeControl "90 minutes for 40 moves + 30 minutes for the rest of the game + 30 seconds per move from move one."]
[BlackTitle "FM"]
[WhiteFideId "1549880"]
[BlackFideId "1444816"]
[WhiteElo "2214"]
[BlackElo "2339"]

1. e4 c5 2. Nf3 d6 3. d4 cxd4 4. Nxd4 Nf6 5. Nc3 Nc6 6. Bg5 e6 7. Qd2 a6 8. O-O-O Bd7 9. Kb1 Nxd4 10.
Qxd4 Be7 11. f4 Bc6 12. Be2 O-O 13. Bf3 h6 14. Bxf6 Bxf6 15. Qe3 Qc7 16. h4 Rfc8 17. Rd2 b5 18.
Ne2 b4 19. Nd4 Ba4 20. b3 Bd7 21. g4 e5 22. fxe5 Bxe5 23. g5 hxg5 24. hxg5 a5 25. Be2 Qc3 26. Rd3 Qc5 27. Rd2 Qc3 28.
Rd3 Qc5 29. Rd2 Be6 30. g6 fxg6 31. Qg1 Bf7 32. Bg4 a4 33. Bxc8 Rxc8 34. Rdh2 Kf8 35. Rh8+ Ke7 36. Qg5+ Bf6 37. Qxc5 Rxc5 38. Ne2 Re5 39. Ng3 Rg5 40. Ne2 Rg4 41.
Ra8 Rxe4 42. Ra7+ Ke6 43. Nc1 axb3 44. axb3 g5 45. Nd3 Bc3 46. Ra5 Kf6 47. Rf1+ Kg6 48. Ra6 Re6 49. Rb6 d5 50.
Rb7 Ra6 51. Nb2 Be8 52. Re7 Bb5 53. Rd1 d4 54. Re5 Bd7 55. Re7 Bf5 56. Na4 d3 57. cxd3 Bd4 58. Rb7 g4 59. Rxb4 Rd6 60.
Kc2 g3 61. Nc3 Kg5 62. Ne4+ Bxe4 63. dxe4 g2 64. Rbxd4 Rxd4 65. Rg1 Rxe4 1/2-1/2

[Event "The Schackveckan 2023: IM-turnering"]
[Site "Goteborgs schackcentrum, Vegagatan 20, Gothenburg, Sweden"]
[Date "2023.08.10"]
[Round "8.1"]
[White "Sorensen, Hampus"]
[Black "Brattgjerd, Isak Vinh"]
[Result "1/2-1/2"]
[TimeControl "90 minutes for 40 moves + 30 minutes for the rest of the game + 30 seconds per move from move one."]
[WhiteTitle "IM"]
[WhiteFideId "8703884"]
[BlackFideId "1549880"]
[WhiteElo "2475"]
[BlackElo "2214"]

1. Nf3 d5 2. g3 Bg4 3. Bg2 Nd7 4. h3 Bxf3 5. Bxf3 Ngf6 6. d3 e5 7. O-O c6 8. e4 dxe4 9. dxe4 Bc5 10.
a4 a5 11. Nd2 O-O 12. Nc4 Qc7 13. Qe1 Rfe8 14. Bg5 b6 15. c3 h6 16. Bd2 Rad8 17. Ne3 Nf8 18. Nf5 Ne6 19. Qc1 Bf8 20.
Rd1 Nc5 21. Qc2 Rd7 22. Be3 Red8 23. Rxd7 Rxd7 24. b4 axb4 25. cxb4 Nd3 26. b5 Nb4 27. Qc4 c5 28. Bc1 g6 29.
Nxh6+ Kh7 30. Ng4 Nxg4 31. Bxg4 Rd4 32. Qc3 Rd3 33. Qc4 Rd4 34. Qc3 Rd3 35. Qc4 Rd4 1/2-1/2

[Event "The Schackveckan 2023: IM-turnering"]
[Site "Goteborgs schackcentrum, Vegagatan 20, Gothenburg, Sweden"]
[Date "2023.08.10"]
[Round "8.2"]
[White "Storme, Isak"]
[Black "Ustianovich, Nazar"]
[Result "1-0"]
[TimeControl "90 minutes for 40 moves + 30 minutes for the rest of the game + 30 seconds per move from move one."]
[WhiteTitle "IM"]
[BlackTitle "FM"]
[WhiteFideId "1728113"]
[BlackFideId "14109778"]
[WhiteElo "2448"]
[BlackElo "2314"]

1. d4 d5 2. c4 dxc4 3. Nf3 Nf6 4. e3 e6 5. Bxc4 c5 6. O-O Nc6 7. Qe2 cxd4 8. Rd1 Be7 9. exd4 O-O 10.
Nc3 Na5 11. Bd3 b6 12. Bg5 Bb7 13. Rac1 Rc8 14. Bb1 Nc4 15. Ne5 Nd6 16. Qe3 Nd5 17. Qh3 f5 18. Bxe7 Qxe7 19. Qg3 Rc7 20.
Nxd5 Bxd5 21. Rxc7 Qxc7 22. Nd3 {arbiter
decision} 1-0

[Event "The Schackveckan 2023: IM-turnering"]
[Site "Goteborgs schackcentrum, Vegagatan 20, Gothenburg, Sweden"]
[Date "2023.08.10"]
[Round "8.3"]
[White "Tryggestad, Andreas Garberg"]
[Black "Karlsson, Stefan"]
[Result "1-0"]
[TimeControl "90 minutes for 40 moves + 30 minutes for the rest of the game + 30 seconds per move from move one."]
[WhiteTitle "FM"]
[WhiteFideId "1513338"]
[BlackFideId "1771183"]
[WhiteElo "2233"]
[BlackElo "1925"]

1. d4 Nf6 2. c4 g6 3. Nc3 Bg7 4. e4 d6 5. h3 O-O 6. Be3 e5 7. d5 Na6 8. g4 Nc5 9. f3 a5 10.
Qd2 c6 11. Nge2 cxd5 12. cxd5 Bd7 13. Ng3 a4 14. h4 Qa5 15. Bh3 Be8 16. Kf2 b5 17. Rhc1 b4 18. Nd1 Nfd7 19. Bf1 h5 20.
gxh5 f5 21. exf5 gxf5 22. h6 f4 23. hxg7 fxg3+ 24. Kg2 Rf7 25. Bxc5 Nxc5 26. Qh6 Rxg7 27. Qxd6 Qd8 28. Qxd8 Rxd8 29.
Rxc5 Bh5 30. Ne3 Rf8 31. Be2 e4 32. Rf1 Rgf7 33. Kxg3 Bxf3 34. Rc2 Rf4 35. d6 R4f7 36. Bc4 1-0

[Event "The Schackveckan 2023: IM-turnering"]
[Site "Goteborgs schackcentrum, Vegagatan 20, Gothenburg, Sweden"]
[Date "2023.08.10"]
[Round "8.4"]
[White "Hector, Jonny"]
[Black "Kistrup, Nicolai"]
[Result "1-0"]
[TimeControl "90 minutes for 40 moves + 30 minutes for the rest of the game + 30 seconds per move from move one."]
[WhiteTitle "GM"]
[BlackTitle "FM"]
[WhiteFideId "1700090"]
[BlackFideId "1444816"]
[WhiteElo "2466"]
[BlackElo "2339"]

1. e4 c5 2. Nf3 d6 3. d4 cxd4 4. Nxd4 Nf6 5. Nc3 a6 6. Qe2 e5 7. Nf5 d5 8. Bg5 d4 9. O-O-O Nc6 10.
f4 Qa5 11. fxe5 dxc3 12. exf6 Qxa2 13. bxc3 Ba3+ 14. Kd2 O-O 15. fxg7 Re8 16. Nh6+ Kxg7 17. Qf2 Qe6 18. Nf5+ Kh8 19.
Qh4 Qg6 20. Bd3 Re6 21. Rhf1 Bf8 22. Nd4 Re5 23. Bf6+ Bg7 24. Bxe5 Bxe5 25. Rf2 Bg4 26. Rdf1 Rf8 27. Nxc6 bxc6 28.
Rf6 Qg7 29. Qh6 Qxh6+ 30. Rxh6 f6 31. Bxa6 Kg7 32. Rh4 Be6 33. Bd3 c5 34. c4 Kg6 35. g3 Rd8 36. Ke3 Rd4 37. Rb1 Rd7 38.
Rb6 Re7 39. Rf4 Bd4+ 40. Kd2 Be5 41. Rc6 Bd7 42. Rxc5 Kg7 43. Rf1 Be8 44. Rb1 Ra7 45. Ke3 Bd7 46. Rcb5 1-0

[Event "The Schackveckan 2023: IM-turnering"]
[Site "Goteborgs schackcentrum, Vegagatan 20, Gothenburg, Sweden"]
[Date "2023.08.10"]
[Round "8.5"]
[White "Berggren Torell, Harald"]
[Black "Olsson, William"]
[Result "1/2-1/2"]
[TimeControl "90 minutes for 40 moves + 30 minutes for the rest of the game + 30 seconds per move from move one."]
[BlackTitle "FM"]
[WhiteFideId "1714031"]
[BlackFideId "1741721"]
[WhiteElo "2061"]
[BlackElo "2400"]

1. e4 e5 2. Nf3 Nc6 3. Nc3 Nf6 4. d4 exd4 5. Nxd4 Bb4 6. Nxc6 bxc6 7. Bd3 d5 8. exd5 Qe7+ 9. Qe2 Qxe2+ 10. Kxe2 Bxc3 11. bxc3 cxd5 12. Be3 O-O 13. f3 Be6 14. Rhb1 a5 15. Bb5 Nd7 16. Bc6 Rab8 17. Bxd7 Bxd7 18.
Kd2 f6 19. Bf4 Rfc8 20. Rxb8 Rxb8 21. Bxc7 Rb5 22. a4 Rc5 23. Bb6 Rc4 24. Bxa5 Rxa4 25. Rxa4 Bxa4 26. Kd3 Bb5+ 27. Ke3 Kf7 28.
Bc7 Bc4 29. Bb8 Bb5 30. Bc7 Bc4 31. Bb8 Bb5 32. Bc7 Bc4 1/2-1/2

[Event "The Schackveckan 2023: IM-turnering"]
[Site "Goteborgs schackcentrum, Vegagatan 20, Gothenburg, Sweden"]
[Date "2023.08.11"]
[Round "9.1"]
[White "Olsson, William"]
[Black "Storme, Isak"]
[Result "0-1"]
[TimeControl "90 minutes for 40 moves + 30 minutes for the rest of the game + 30 seconds per move from move one."]
[WhiteTitle "FM"]
[BlackTitle "IM"]
[WhiteFideId "1741721"]
[BlackFideId "1728113"]
[WhiteElo "2400"]
[BlackElo "2448"]

1. Nf3 d5 2. c4 e6 3. g3 Nf6 4. Bg2 d4 5. O-O Nc6 6. e3 Bc5 7. b4 Bxb4 8. exd4 O-O 9. Bb2 Be7 10.
d3 Ne8 11. Nbd2 Bf6 12. Nb3 Rb8 13. Ne5 Ne7 14. Ba3 Nd6 15. Ng4 Nef5 16. Nxf6+ Qxf6 17. Bb2 b6 18. Qe2 Bb7 19. Bxb7 Nxb7 20.
d5 Qg6 21. dxe6 Qxe6 22. Qf3 Rfe8 23. g4 Qe2 24. Qxe2 Rxe2 25. Bc3 Nh4 26. Nd4 Ree8 27. Nc6 Ra8 28. Nb4 Rad8 29. Rfd1 Nc5 30.
Kf1 Re6 31. h3 h5 32. Nd5 hxg4 33. hxg4 c6 34. Nf4 Red6 35. Be5 R6d7 36. Nh5 Ne6 37. d4 Nf3 38. Bxg7 Nxg7 39. Nf6+ Kf8 40.
Nxd7+ Rxd7 41. d5 c5 42. Ke2 Ne5 43. Rdc1 Ne8 44. f4 Nxg4 45. Kf3 f5 46. a4 Nd6 47. a5 Re7 48. axb6 Re3+ 49.
Kg2 axb6 50. Rab1 Re2+ 51. Kf1 Ra2 52. Rxb6 Nh2+ 53. Kg1 Nf3+ 54. Kf1 Ne4 55. Rg6 Rf2# 0-1